Map: [ESL] Tropical Sacrifice

Players

Reynor - Winner!

  • Race: Zerg Zerg
  • League: Master
  • Spawn Location: 7:00

ByuN

  • Race: Terran Terran
  • Spawn Location: 1:00

Event: HomeStory Cup XXII

VOD

Have the link to the VOD?

Description

Time

  • Played on: Dec. 18, 2022, 1:12 p.m.
  • Length: 9:31

All games in this series

Show
View Real Time Build Order
Export as new Build Order

Reynor Zerg - Winner!

Build Orders: Pool First, Zergling Baneling 

Get SALT Encoding   

  12  0:00  Drone  
  13  0:12  Overlord  
  13  0:17  Drone  
  14  0:31  Drone x2  
  14  0:34  Drone  
  17  0:39  Extractor  
  16  0:45  Drone  
  17  0:51  Spawning Pool  
  17  0:56  Drone  
  17  1:07  Drone  
  18  1:22  Hatchery  
  17  1:27  Drone  
  18  1:38  Zergling x2, Metabolic Boost  
  19  1:47  Queen  
  21  1:54  Overlord  
  21  2:01  Zergling x2  
  22  2:12  Drone  
  22  2:14  Zergling x2  
  24  2:22  Zergling x2, Queen  
  27  2:33  Zergling x2  
  27  2:34  Zergling x2  
  29  2:47  Zergling x4  
  31  2:54  Zergling x6  
  31  2:55  Baneling Nest  
  33  3:01  Overlord  
  33  3:02  Zergling x2  
  34  3:07  Zergling x4  
  36  3:22  Zergling x4  
  37  3:28  Zergling x4  
  37  3:32  Zergling x6  
  41  3:41  Baneling  
  41  3:42  Baneling x6  
  41  3:43  Baneling  
  41  3:47  Zergling x2  
  42  3:49  Zergling x2  
  43  3:57  Baneling  
  43  3:58  Overlord  
  43  4:09  Overlord  
  38  4:13  Zergling x2  
  38  4:14  Zergling x4  
  38  4:16  Zergling x2  
  35  4:24  Zergling x4  
  35  4:27  Zergling x2  
  35  4:30  Zergling x2  
  36  4:33  Zergling x2  
  34  4:39  Zergling x2  
  34  4:42  Zergling x2  
  36  4:49  Zergling x2  
  36  4:53  Zergling x2  
  36  4:58  Zergling x2  
  36  5:02  Zergling x8  
  36  5:06  Baneling x3  
  40  5:09  Zergling x2  
  40  5:13  Zergling x2  
  42  5:20  Drone x2  
  39  5:25  Drone  
  37  5:29  Drone  
  37  5:31  Drone  
  39  5:36  Drone  
  39  5:39  Drone  
  39  5:42  Drone  
  42  5:43  Drone  
  42  5:48  Drone  
  42  5:49  Drone  
  45  5:52  Drone  
  46  5:57  Drone x2  
  46  6:02  Drone x2  
  50  6:14  Hatchery  
  50  6:16  Drone  
  50  6:17  Drone  
  51  6:22  Drone  
  51  6:23  Evolution Chamber  
  51  6:32  Queen  
  53  6:34  Overlord  
  53  6:36  Queen  
  53  6:39  Drone x2  
  58  6:47  Drone x3  
  58  6:48  Overlord  
  58  6:53  Zerg Ground Armor Level 1  
  60  6:56  Drone  
  60  6:58  Drone  
  60  6:59  Drone  
  60  7:00  Drone  
  64  7:07  Overlord  
  64  7:08  Drone x2  
  65  7:10  Drone  
  65  7:13  Drone x2, Extractor  
  67  7:18  Zergling x2  
  67  7:22  Lair  
  67  7:24  Overlord  
  67  7:27  Zergling x2  
  68  7:31  Zergling x2  
  68  7:34  Queen  
  71  7:37  Drone x2  
  71  7:39  Zergling x2  
  71  7:43  Zergling x8  
  71  7:44  Zergling x4  
  80  7:48  Overlord  
  80  7:50  Baneling x4  
  80  7:51  Baneling  
  80  7:52  Zergling x4  
  80  7:54  Baneling  
  81  7:59  Zergling x4  
  81  8:01  Queen  
  81  8:03  Zergling x4  
  87  8:05  Overlord  
  87  8:11  Zergling x6  
  90  8:15  Zergling x2, Overlord  
  90  8:17  Zergling x12, Overlord  
  97  8:28  Zergling x6  
  97  8:32  Extractor  
  99  8:35  Overlord x2  
  99  8:36  Baneling x2  
  99  8:37  Zergling x8  
  103  8:43  Zergling x2  
  103  8:47  Overlord  
  104  8:49  Zergling x4  
  106  9:00  Zergling x2  
  106  9:01  Zergling x14  
  109  9:08  Drone  
  109  9:09  Drone x4  
  101  9:11  Drone  
  101  9:22  Hatchery  
Show
View Real Time Build Order
Export as new Build Order

ByuN Terran 

Build Orders:  

Get SALT Encoding   

  12  0:00  SCV  
  13  0:12  SCV  
  14  0:18  Supply Depot  
  14  0:24  SCV  
  15  0:39  SCV  
  15  0:41  Barracks  
  16  0:44  Refinery  
  16  0:51  SCV  
  17  1:00  Barracks  
  17  1:04  SCV  
  18  1:16  SCV  
  19  1:27  Reaper  
  19  1:28  Orbital Command  
  20  1:34  Supply Depot  
  20  1:47  Reaper  
  22  1:54  SCV  
  22  2:03  Reaper  
  22  2:06  SCV  
  24  2:18  Command Center, SCV  
  25  2:23  Barracks Reactor  
  25  2:26  Barracks  
  25  2:30  SCV  
  26  2:45  SCV  
  26  2:46  Barracks Tech Lab  
  26  2:48  Barracks  
  27  2:55  Supply Depot  
  27  2:58  SCV  
  28  3:01  Marine x2  
  28  3:05  Marine  
  31  3:08  Stimpack  
  31  3:16  SCV  
  31  3:17  Barracks Tech Lab  
  32  3:23  Marine x2  
  32  3:24  Marine  
  35  3:28  SCV  
  35  3:32  Orbital Command  
  36  3:40  SCV, Marine x2  
  39  3:42  Marine  
  39  3:43  Marine  
  39  3:46  Marine  
  42  3:53  Combat Shield  
  42  3:55  Supply Depot  
  43  3:58  Marine x2  
  43  4:00  Marine  
  43  4:01  SCV x2  
  47  4:06  Marine x2  
  49  4:13  SCV  
  49  4:16  Marine x2  
  36  4:18  Marine  
  36  4:23  Marine  
  29  4:30  Marine  
  27  4:43  Orbital Command  
  25  4:59  Marine  
  24  5:00  Marine  
  24  5:01  SCV  
  24  5:05  Orbital Command  
  27  5:15  Supply Depot  
  27  5:17  Supply Depot, Marine  
  27  5:18  Supply Depot  
  24  5:24  SCV  
  23  5:31  SCV  
  23  5:32  Marine x2  
  26  5:39  Marine  
  26  5:41  Marine  
  28  5:50  Marine x2  
  28  5:51  SCV  
  28  5:54  SCV  
  28  5:57  Marine  
  32  5:59  Marine  
  34  6:08  Marine x2  
  36  6:11  SCV  
  36  6:14  SCV, Marine  
  36  6:17  Marine  
  40  6:23  Orbital Command  
  40  6:24  SCV  
  41  6:26  Marine x2  
  41  6:31  Factory  
  41  6:32  Marine  
  43  6:35  Marine  
  43  6:36  SCV  
  46  6:44  Marine x2  
  48  6:48  SCV  
  48  6:49  SCV  
  48  6:52  Marine  
  48  6:53  Marine  
  51  7:00  SCV  
  52  7:01  SCV, Marine  
  52  7:02  Supply Depot  
  52  7:08  Refinery, Marine  
  55  7:10  Marine  
  55  7:12  SCV  
  55  7:13  SCV  
  58  7:20  Marine x2  
  60  7:25  SCV x2, Marine  
  60  7:27  Starport  
  60  7:29  Factory Reactor  
  63  7:34  Supply Depot  
  63  7:38  Marine  
  63  7:39  Marine  
  63  7:40  Marine  
  63  7:43  SCV  
  67  7:46  SCV  
  68  7:55  SCV  
  69  7:58  SCV  
  69  8:03  Supply Depot  
  70  8:07  SCV  
  70  8:10  Barracks Reactor x2  
  70  8:11  SCV, Barracks Tech Lab  
  72  8:16  Medivac  
  72  8:18  Marine x2  
  72  8:19  SCV  
  77  8:23  SCV  
  77  8:24  Medivac  
  77  8:26  Supply Depot  
  80  8:29  Supply Depot  
  80  8:32  SCV  
  81  8:35  SCV  
  81  8:36  Marine  
  81  8:37  Barracks Tech Lab x2  
  81  8:38  Barracks Reactor  
  81  8:39  Barracks Reactor  
  81  8:40  Marine  
  84  8:52  Engineering Bay  
  84  8:53  SCV x2  
  84  8:55  Supply Depot  
  86  9:01  Marine  
  86  9:02  Marine  
Tags
 
Add a new tag
Caveats
  • Supply blocks, unpowered buildings, or Contaminate may cause inaccurate times.
  • Supply counts are checked every 10 seconds.